← All builds
Air / Cortex / Economy first / OBSERVED BUILD

Standard air

Cortex Air build order · Supreme Isthmus

Economy-first air build: Aircraft Plant then Advanced Metal Extractor and Fusion Reactor, making transports and scouts for allies while transitioning into fighters and occasional bombers over the whole game.

Usually transports first (78%)

#eco #air #team support · 1515 distinct matches · 252 players · 81% of Cortex Air games · team won 46% of 1820 · Recently observed

HOW TO PLAY IT

Key timing: Aircraft Plant by 1:24

  1. Open 3 mex and wind, then drop Aircraft Plant early.
  2. Finish Aircraft Plant and start fighters for scouting and defense.
  3. Eat the Aircraft Plant once production needs outgrow it.
  4. Get Advanced Metal Extractor up to scale eco.
  5. Bring Fusion Reactor online and keep feeding transports, scouts, fighters to allies.

Phase by phase

TYPICAL OF ITS 1515 GAMES
  1. 1
  2. 2
  3. 3
PLAY THE OPENING

Follow the example game's first 6:00 step by step: what to build now, what comes next, and where it goes. At 1× it keeps pace with your own game.

  1. 1

    Up to the Aircraft Plant

    Economy
    • Metal Extractor3Mex
    • Wind Turbine4Wind
    Order
    1. Aircraft PlantAircraft Plant after 3 mex, 4 winddone ~1:26, middle half 1:14–1:35

    Some games also: energy storage (38%)

    By 1:07 in all: 3 mex · 4 wind

    The example game in this phase · 3 steps
    1. Mex ×3
    2. Wind ×5
    3. Aircraft PlantAircraft Plantdone 1:23 · typical 1:26
  2. 2

    Aircraft Plant to 5:00

    Economy
    • Metal Extractor1Mex
    • Wind Turbine9Wind
    • Wind Turbine3Wind
    Builders
    • Construction Turret2 Con turret
    • Construction Aircraft1 Con aircraft
    Army
    • Valiant5 Valiant
    • Hercules2 Light transport for allies
    • Finch2 Finch for allies
    • Finch1 Finch
    • Hephaestus1 Heavy transport for allies

    Some games also: shuriken (49%) · energy storage (45%) · converter (44%) · light transport (40%)

    By 5:00 in all: 3 mex · 1 mex · 13 wind · 3 wind · 1 energy storage · 2 con turret

    The example game in this phase · 31 steps
    1. Construction AircraftCon aircraft
    2. ValiantValiant
    3. Mex
    4. ShurikenShurikenfor Geo sea
    5. HerculesLight transportfor Geo sea
    6. FinchFinchfor Beach sea
    7. HephaestusHeavy transportfor Beach sea
    8. Con turret
    9. ValiantValiant
    10. Wind
    11. ValiantValiant
    12. Wind ×2
    13. FinchFinch
    14. Wind
    15. Wind
    16. Wind ×2
    17. ValiantValiant
    18. Wind
    19. ValiantValiant
    20. HerculesLight transportfor Tech
    21. Wind
    22. HerculesLight transportfor Tech
    23. ValiantValiant
    24. Wind
    25. ValiantValiant
    26. Con turret
    27. ValiantValiant
    28. HerculesLight transportfor Tech
    29. Wind
    30. ValiantValiant
    31. Wind ×2
  3. 3

    5:00 to 10:00

    Economy
    • Wind Turbine21Wind
    • Wind Turbine5Wind
    • Energy Converter6Converter
    Order
    1. Aircraft PlantEat Aircraft Plant
    2. Aircraft PlantAircraft Plant after 19 wind, 18 wind, 7 converterin 58% of games
    Builders
    • Construction Turret3 Con turret
    Army
    • Valiant9 Valiant

    Some games also: shuriken (47%) · fusion (38%) · con aircraft (35%) · light transport (31%)

    By 10:00 in all: 3 mex · 1 mex · 25 wind · 20 wind · 8 converter · 1 energy storage

    The example game in this phase · 116 steps
    1. Wind
    2. Energy storage
    3. Wind
    4. ValiantValiant
    5. Wind
    6. ValiantValiant
    7. Wind ×2
    8. ValiantValiant
    9. Wind
    10. ThistleThistle
    11. ValiantValiant
    12. Wind
    13. ValiantValiant
    14. Wind
    15. ValiantValiant
    16. Wind ×2
    17. Converter
    18. ValiantValiant
    19. Converter
    20. Wind
    21. HerculesLight transportfor Tech
    22. Wind
    23. Converter
    24. Wind
    25. ShurikenShuriken ×3
    26. Converter
    27. ShurikenShuriken
    28. HerculesLight transportfor Tech
    29. Wind
    30. ValiantValiant ×4
    31. Wind
    32. ValiantValiant
    33. HerculesLight transportfor Tech
    34. ValiantValiant
    35. Advanced Metal ExtractorT2 mexdone 8:13 · typical 6:54
    36. ValiantValiant
    37. Wind
    38. Con turret
    39. ValiantValiant
    40. ShurikenShuriken
    41. Wind
    42. ShurikenShuriken
    43. Advanced Metal ExtractorT2 mex
    44. ShurikenShuriken
    45. Wind
    46. ValiantValiant
    47. Wind
    48. ShurikenShuriken ×3
    49. Wind
    50. ShurikenShuriken ×7
    51. ValiantValiant
    52. Con turret
    53. Wind
    54. ValiantValiant ×7
    55. Wind
    56. ValiantValiant
    57. Advanced Metal ExtractorT2 mex
    58. ValiantValiant ×4
    59. Wind
    60. ValiantValiant ×6
    61. Wind
    62. ValiantValiant
    63. Converter
    64. Wind
    65. ValiantValiant
    66. Converter
    67. ValiantValiant
    68. Wind
    69. Converter
    70. Advanced Metal ExtractorT2 mex
    71. ValiantValiant
    72. Wind
    73. Converter ×2
    74. Wind
    75. Converter ×4
    76. Wind
    77. ValiantValiant
    78. Converter
    79. Construction AircraftCon aircraft
    80. Converter
    81. Construction AircraftCon aircraft
    82. Con turret
    83. Wind
    84. Construction AircraftCon aircraft
    85. Con turret
    86. Wind
    87. Construction AircraftCon aircraft
    88. Fusion ReactorFusiondone 13:41 · typical 10:52
    89. Construction AircraftCon aircraft
    90. Wind
    91. Construction AircraftCon aircraft
    92. Wind
    93. Construction AircraftCon aircraft ×2
    94. Wind
    95. Construction AircraftCon aircraft
    96. Wind
    97. Construction AircraftCon aircraft
    98. ValiantValiant
    99. Wind
    100. ValiantValiant ×2
    101. Wind
    102. ValiantValiant
    103. Converter
    104. Wind
    105. ValiantValiant
    106. Aircraft PlantEat Aircraft Plantreclaimed for its metal
    107. Converter
    108. Wind
    109. Converter ×2
    110. Wind
    111. Converter ×3
    112. Fusion ReactorFusion
    113. Converter ×5
    114. Con turret ×4
    115. T2 converter
    116. Aircraft PlantAircraft Plantnot finished by 15:00

Counts are medians over the build's games: half of them build more, half fewer. The example game is arcsiz's (35 OS, 14/10/2026); pick another.

Team trades

IN AT LEAST 30% OF ITS GAMES

You hand over

  • Finch2 Finch to Geo sea or Beach seafirst at 1:50 · in 96% of games
  • Hercules3 Light transport to Tech or Geo sea or Beach seafirst at 2:06 · in 99% of games
  • Hephaestus1 Heavy transport to Beach sea or Pond or Techfirst at 2:23 · in 71% of games

You get

  • Wind Turbine3 Wind from Beach sea or Geo seafirst at 1:37 · in 64% of games
  • Wind Turbine3 Wind from Beach sea or Geo sea or Pondfirst at 1:42 · in 46% of games
  • Construction Bot1 Con bot from Techfirst at 2:23 · in 88% of games
  • Advanced Construction Bot1 T2 con bot from Techfirst at 6:05 · in 96% of games

How it plays out

Typical game of this build, running totals by minute

Metal produced

010k20k30k
0:005:0010:0015:00

metal

Enemy metal destroyed

01k2k
0:005:0010:0015:00

metal

Own metal lost

01k2k3k
0:005:0010:0015:00

metal

1820 games.

Show as table
ByMetal produced: This buildEnemy metal destroyed: This buildOwn metal lost: This build
1:0039200
2:0092300
3:00145600
4:002052051
5:0027635173
6:003709102124
7:005089146167
8:006903190219
9:009285231271
10:0011765292380
11:0014373367535
12:0017074512780
13:00198647751095
14:002271012621682
15:002573918112415
WHAT THE NUMBERS SAY

Standard air play wins less than half its games, with very low combat losses and kills since the role mostly supports rather than fights.

  • + Own metal lost stays very low, only 2701 by 15:00.
  • + Metal production reaches 25740 by 15:00, a strong support economy.
  • − Team wins under half of games (47%).
  • − Enemy metal destroyed stays low at 2097 by 15:00, showing little direct impact.
THE EXAMPLE YOU ARE READING

arcsiz

35.4 OS · 14/10/2026

Open source match ↗

8 received units · includes a constructor
622 metal received · 19304 energy received

Allied construction assistance is unknown. Timings are observations, not a promise of solo reproducibility.

Typical milestones

Aircraft Plant1:26Middle 50%: 1:14–1:35 · n=1820
Advanced Metal Extractor6:54Middle 50%: 6:27–7:26 · n=1760
Fusion Reactor10:52Middle 50%: 9:45–12:16 · n=1165

Played most by

TheGeneraI114games of this buildDad_The_Speedrunner72games of this buildHunfore62games of this buildDRM52games of this buildMilkdragon52games of this build